 Dungeon Crawl Stone Soup version 0.23-a0-143-g1adec7b (webtiles) character file.

5497 iamserjio the Martial Artist (level 10, -23/72 HPs)
             Began as an Octopode Summoner on Sept 2, 2018.
             Was an Elder of Cheibriados.
             Annihilated by a white ugly thing (32 damage)
             ... on level 8 of the Dungeon.
             The game lasted 00:30:41 (12336 turns).

iamserjio the Martial Artist (Octopode Summoner)   Turns: 12336, Time: 00:30:42

Health: -23/72     AC:  1    Str: 20    XL:     10   Next: 70%
Magic:  9/13       EV: 17    Int: 31    God:    Cheibriados [****..]
Gold:   61         SH:  6    Dex: 22    Spells: 4/13 levels left

rFire    . . .     SeeInvis +     - Unarmed
rCold    . . .     Gourm    .   w - +0 buckler
rNeg     . . .     Faith    .   (helmet restricted)
rPois    +         Spirit   .   (no amulet)
rElec    .         Reflect  .   n - +3 ring of slaying
rCorr    .         Harm     .   p - ring of poison resistance
MR       .....                  B - ring of see invisible
Stlth    ++++......             (no ring)
HPRegen  0.22/turn              F - +2 ring of strength
MPRegen  0.13/turn              (no ring)
                                (no ring)
                                (no ring)

@: very slow
A: almost no armour, stealthy swim, amphibious, 8 rings, constrict 8, camouflage
1, gelatinous body 1
a: Bend Time, Temporal Distortion, Slouch, Renounce Religion


You were on level 8 of the Dungeon.
You worshipped Cheibriados.
Cheibriados was greatly pleased with you.
You were not hungry.

You visited 2 branches of the dungeon, and saw 9 of its levels.
You also visited: Sewer.

You collected 313 gold pieces.
You spent 252 gold pieces at shops.

Inventory:

Missiles
 e - 241 arrows
Armour
 f - a +0 large shield
 w - a +0 buckler (worn)
Magical Staves
 C - an uncursed staff of energy {unknown}
Jewellery
 n - a +3 ring of slaying (left tentacle)
 p - a ring of poison resistance (right tentacle)
 B - a ring of see invisible (on tentacle)
 F - a +2 ring of strength (on tentacle)
Wands
 y - a wand of disintegration (16)
 z - a wand of flame (48)
 L - a wand of iceblast (2)
 M - a wand of digging (11)
Scrolls
 g - a scroll of remove curse {@r2}
 i - 3 scrolls of enchant weapon {unknown}
 m - a scroll of immolation {unknown}
 s - 3 scrolls of magic mapping
 v - a scroll of fog {unknown}
 x - 2 scrolls of teleportation
 D - 2 scrolls of identify {@r1}
 E - a scroll of random uselessness {unknown}
 G - a scroll of fear
 J - a scroll of holy word {unknown}
Potions
 a - a potion of flight
 c - 2 potions of degeneration {unknown}
 d - 3 potions of might
 h - a potion of resistance
 j - 5 potions of agility
 k - a potion of lignification
 l - a potion of cancellation {unknown}
 o - a potion of magic
 q - a potion of berserk rage {unknown}
 r - 6 potions of curing {@q1}
 u - a potion of brilliance
 A - 2 potions of mutation
Comestibles
 b - 18 rations
 t - a chunk of flesh


   Skills:
 - Level 8.0 Fighting
 * Level 4.6 Dodging
 - Level 3.0 Stealth
 - Level 4.3 Shields
 - Level 11.0 Unarmed Combat
 + Level 2.3 Spellcasting
 - Level 1.0 Hexes
 + Level 4.2 Summonings
 + Level 1.3 Air Magic
 - Level 2.2 Evocations


You had 4 spell levels left.
You knew the following spells:

 Your Spells              Type           Power        Failure   Level  Hunger
a - Summon Small Mammal   Summ           ####         1%          1    None
b - Call Canine Familiar  Summ           ####....     3%          3    ###....
c - Confusing Touch       Hex            ##....       4%          1    None
d - Summon Lightning Spi  Summ/Air       ###.....     22%         4    ####...

Your spell library contained the following spells:

 Spells                   Type           Power        Failure   Level  Hunger
 Call Imp                 Summ           ####....     1%          2    ##.....
 Summon Guardian Golem    Hex/Summ       ###.....     7%          3    ###....
 Confuse                  Hex            ##......     14%         3    ###....
 Gell's Gravitas          Tloc           #.........   22%         3    ###....
 Summon Ice Beast         Ice/Summ       ###.....     30%         4    ####...
 Petrify                  Tmut/Erth      #.......     56%         4    ####...
 Metabolic Englaciation   Hex/Ice        #.........   85%         5    ######.
 Yara's Violent Unravell  Hex/Tmut       #.........   85%         5    ######.


Dungeon Overview and Level Annotations

Branches:
Dungeon (8/15)             Temple (1/1) D:4
   Lair: D:8-11

Altars:
Cheibriados
Makhleb
Okawaru
Qazlal
Sif Muna
Trog
Uskayaw
Xom
Zin
The Shining One

Shops:
D:4 [   D:8 *


Innate Abilities, Weirdness & Mutations

You cannot wear most types of armour.
You are very stealthy in the water. (Stealth+)
You are amphibious.
You can wear up to eight rings at the same time.
You can use your tentacles to constrict eight enemies at once.
Your skin changes colour to match your surroundings (Stealth+).
Your rubbery body absorbs attacks. (AC +1, EV +1)


Message History

You tentacle-slap the white ugly thing but do no damage.
The white ugly thing is moderately wounded.
You constrict the white ugly thing.
The white ugly thing seems less confused.
You block the white ugly thing's attack.
Casting: Confusing Touch (safe; 4% risk of failure)
Confirm with . or Enter, or press ? or * to list all spells.
Your tentacles begin to glow red.
You constrict the white ugly thing!
The white ugly thing closely misses you.
You tentacle-slap the white ugly thing but do no damage.
The white ugly thing is heavily wounded.
You constrict the white ugly thing. The white ugly thing gores you.
The white ugly thing freezes you!
You tentacle-slap the white ugly thing but do no damage.
The white ugly thing appears confused.
The white ugly thing is heavily wounded.
You constrict the white ugly thing. The white ugly thing gores you!
* * * LOW HITPOINT WARNING * * *
The white ugly thing freezes you!!
You die...

# ##.## .. ##...##
.##.....# .......#
#.....# #...# #
#)# ## #u# .# #
#@# # .#.# #.#
##.# .#.#
####.#####...#
.#.####
#####.......))...#
.......
..........####...#
...#
#..###.###.###
#..# .### #..#
#.#.....## ..#
..### #..#
#.#......##..#
....# #..#
#.#.[_.......#


You could see a white ugly thing (confused).

Vanquished Creatures
  Pikel (D:4)
  A komodo dragon (D:7)
  A troll (D:5)
  A hippogriff (D:7)
  4 yaks (D:6)
  3 hogs (D:7)
  Eustachio (D:4)
  A human (D:7)
  Menkaure (D:7)
  Duvessa (D:4)
  3 orc warriors
  2 ice beasts
  A black bear (D:7)
  A necrophage (D:7)
  4 ogres
  A centaur (D:5)
  A big kobold (D:8)
  2 wyvern zombies
  4 bullfrogs
  Dowan (D:4)
  A water moccasin skeleton (D:8)
  A wight (D:7)
  A howler monkey (D:5)
  A bullfrog zombie (D:7)
  A quasit (D:7)
  3 hounds
  2 jellies
  A centaur skeleton (D:5)
  5 orc priests
  10 orc wizards
  A gnoll shaman (D:6)
  2 iguanas
  Natasha (thrice) (D:4)
  2 worker ant zombies
  15 adders
  7 gnolls
  A shadow imp (D:8)
  5 worms
  5 leopard geckos
  24 orcs
  7 ball pythons
  6 bats
  7 giant cockroaches
  8 goblins
  9 hobgoblins
  10 jackals
  A quokka (D:8)
  9 frilled lizards
  23 kobolds
  7 rats
  3 plants (Sewer)
216 creatures vanquished.

Vanquished Creatures (collateral kills)
  A yak (D:6)
  A hog (D:7)
  A slave (D:4)
  A howler monkey (D:3)
  A wight (D:7)
  3 worker ants
  Robin (D:4)
  3 gnolls
  An adder (D:2)
  A worm (Temple)
  2 dart slugs
  3 orcs (D:3)
  A giant cockroach (Temple)
  4 goblins
  A hobgoblin (D:3)
  A jackal (D:3)
26 creatures vanquished.

Vanquished Creatures (others)
  A goblin (D:4)
1 creature vanquished.

Grand Total: 243 creatures vanquished

Notes
Turn   | Place    | Note
-------+----------+-------------------------------------------
     0 | D:1      | iamserjio the Octopode Summoner began the quest for the
                  | Orb.
     0 | D:1      | Reached XP level 1. HP: 11/11 MP: 3/3
   242 | D:1      | Reached skill level 1 in Unarmed Combat
   516 | D:1      | Reached XP level 2. HP: 10/18 MP: 5/5
   807 | D:1      | Reached skill level 1 in Fighting
   941 | D:1      | You fall through a shaft!
  1252 | D:2      | Reached skill level 2 in Unarmed Combat
  1265 | D:2      | Reached XP level 3. HP: 23/23 MP: 6/6
  1553 | D:2      | Learned a level 3 spell: Call Canine Familiar
  2152 | D:2      | Reached XP level 4. HP: 27/29 MP: 7/7
  2395 | D:3      | Reached skill level 3 in Unarmed Combat
  2461 | D:3      | Found a glowing drain.
  2538 | D:3      | Reached XP level 5. HP: 10/34 MP: 5/8
  2560 | Sewer    | Entered a sewer
  3473 | Sewer    | Reached skill level 4 in Unarmed Combat
  4000 | D:3      | HP: 1/36 [poisoned by a kobold]
  4515 | D:3      | Reached XP level 6. HP: 41/41 MP: 9/9
  5216 | D:4      | Noticed Natasha
  5252 | D:4      | Found a staircase to the Ecumenical Temple.
  5263 | D:4      | Reached skill level 5 in Unarmed Combat
  5269 | Temple   | Entered the Ecumenical Temple
  5291 | Temple   | Became a worshipper of Cheibriados the Contemplative
  5793 | D:4      | Noticed a slave
  5809 | D:4      | Found a deep blue altar of Sif Muna.
  5850 | D:4      | Noticed Robin
  5862 | D:4      | Noticed Eustachio
  5888 | D:4      | Killed Robin
  5929 | D:4      | Killed Eustachio
  5929 | D:4      | Reached XP level 7. HP: 38/47 MP: 6/10
  6122 | D:4      | Noticed Pikel
  6134 | D:4      | Killed Pikel
  6134 | D:4      | Reached * piety under Cheibriados
  6134 | D:4      | Reached skill level 7 in Unarmed Combat
  6134 | D:4      | Reached XP level 8. HP: 41/54 MP: 6/11
  6285 | D:4      | Noticed Duvessa
  6292 | D:4      | Noticed Dowan
  6305 | D:4      | Killed Duvessa
  6305 | D:4      | Reached skill level 5 in Fighting
  6321 | D:4      | Killed Dowan
  6614 | D:4      | Killed Natasha
  6652 | D:4      | Noticed Natasha
  6659 | D:4      | Killed Natasha
  6717 | D:4      | Noticed Natasha
  6727 | D:4      | Killed Natasha
  6812 | D:4      | Found Bedgh's Antique Armour Shoppe.
  6930 | D:4      | Learned a level 1 spell: Confusing Touch
  6935 | D:4      | Learned a level 4 spell: Summon Lightning Spire
  6936 | D:5      | Entered Level 5 of the Dungeon
  7260 | D:5      | Reached skill level 8 in Unarmed Combat
  7453 | D:5      | Reached skill level 1 in Hexes
  7543 | D:5      | Reached ** piety under Cheibriados
  7586 | D:5      | Noticed a troll
  7870 | D:5      | Found a bloodstained altar of Trog.
  8354 | D:6      | Reached XP level 9. HP: 62/62 MP: 12/12
  8535 | D:6      | Found a stormy altar of Qazlal.
  8940 | D:6      | Reached skill level 9 in Unarmed Combat
  9835 | D:7      | Noticed a komodo dragon
  9846 | D:7      | Reached skill level 10 in Unarmed Combat
  9861 | D:7      | Killed a komodo dragon
  9861 | D:7      | Reached *** piety under Cheibriados
 10239 | D:7      | Reached XP level 10. HP: 71/71 MP: 9/13
 10252 | D:7      | Reached skill level 11 in Unarmed Combat
 10264 | D:7      | Reached skill level 1 in Shields
 10466 | D:7      | Noticed Menkaure
 10474 | D:7      | Killed Menkaure
 10733 | D:7      | Reached skill level 1 in Evocations
 11706 | D:8      | Reached **** piety under Cheibriados
 11974 | D:8      | Found Vymoley's Assorted Antiques.
 11982 | D:8      | Bought a scroll labeled ZAANO WANEROX for 21 gold pieces
 11982 | D:8      | Bought a scroll labeled MONOGG LAMAFA for 21 gold pieces
 11982 | D:8      | Bought a scroll of identify for 42 gold pieces
 11982 | D:8      | Bought a wand of iceblast (3) for 84 gold pieces
 11982 | D:8      | Bought a tapered glass wand for 84 gold pieces
 12032 | D:8      | Reached skill level 1 in Air Magic
 12280 | D:8      | Found a bloodstained altar of Trog.
 12317 | D:8      | Noticed a white ugly thing
 12336 | D:8      | Annihilated by a white ugly thing

Vault maps used:
D:1:      elethiomel_arrival_maze
D:3:      cheibrodos_sewer_entry_drain
D:4:      kennysheep_little_box, minmay_temple_entry_trees, serial_shops, shop,
          uniq_duvessa, uniq_eustachio, uniq_robin, uniq_natasha, uniq_pikel
D:5:      kennysheep_windowed_halls, first_ration, bloody_trog
D:6:      nicolae_qazlal_eye_of_the_storm
D:7:      grunt_livestock, uniq_menkaure
D:8:      serial_shops, shop, basic_altar
Temple:   nicolae_temple_the_god_donut
Sewer:    sewer_co_scattered_pipes

Skill      XL: |  1  2  3  4  5  6  7  8  9 10 |
---------------+-------------------------------+-----
Unarmed Combat | 1 2 3 4 5 7 8 10 11 | 11.0
Fighting       | 1 2 3 4 5 7 8 |  8.0
Hexes          | 1 |  1.0
Dodging        | 3 4 |  4.6
Shields        | 4 |  4.3
Evocations     | 2 |  2.2
Stealth        | 3 |  3.0
Air Magic      | 1 |  1.3
Spellcasting   | |  2.3
Summonings     | |  4.2

Action                   |  1- 3 |  4- 6 |  7- 9 | 10-12 || total
-------------------------+-------+-------+-------+-------++-------
Melee: Unarmed           |   104 |   237 |   197 |   128 ||   666
       Constrict         |    32 |    56 |    31 |    30 ||   149
       Tentacles         |    13 |    44 |    45 |    44 ||   146
       Punch             |       |     4 |    14 |     9 ||    27
 Cast: Summon Small Mamm |     4 |     1 |     1 |       ||     6
       Call Canine Famil |       |    15 |    14 |     9 ||    38
       Confusing Touch   |       |       |    12 |     9 ||    21
       Summon Lightning  |       |       |     1 |       ||     1
Evoke: Wand              |       |     2 |    13 |     8 ||    23
  Use: Potion            |       |     3 |     2 |       ||     5
       Scroll            |       |     3 |     9 |     3 ||    15
 Stab: Sleeping          |    11 |    16 |     6 |     4 ||    37
       Distracted        |     1 |     2 |     3 |     2 ||     8
       Confused          |       |       |     5 |     5 ||    10
  Eat: Chunk             |     3 |    11 |     5 |     4 ||    23
       Ration            |       |     1 |     1 |       ||     2
Armor: Skin              |    13 |     7 |     1 |     3 ||    24
Dodge: Dodged            |    72 |   118 |    88 |    75 ||   353
Block: Buckler           |       |       |       |    15 ||    15

Table legend:
 A = Non-vault XP
 B = Vault XP
 C = Vault XP percentage of total XP
 D = Non-vault monster count
 E = Vault monster count
 F = Vault count percentage of total count
                 A         B        C        D         E       F
            +---------+---------+-------+---------+---------+-------
      Total |    4954 |    2900 |  36.9 |     177 |      61 |  25.6
            +---------+---------+-------+---------+---------+-------
        D:1 |      21 |       0 |   0.0 |      13 |       0 |   0.0
        D:2 |      76 |       0 |   0.0 |      24 |       0 |   0.0
        D:3 |     208 |       8 |   3.7 |      38 |       3 |   7.3
        D:4 |     225 |     959 |  81.0 |      15 |      16 |  51.6
        D:5 |     292 |     755 |  72.1 |      10 |      14 |  58.3
        D:6 |    1413 |       0 |   0.0 |      16 |       0 |   0.0
        D:7 |    1835 |    1098 |  37.4 |      25 |       6 |  19.4
        D:8 |     856 |       0 |   0.0 |      33 |       0 |   0.0
     Temple |      28 |       0 |   0.0 |       3 |       0 |   0.0
      Sewer |       0 |      80 | 100.0 |       0 |      22 | 100.0
            +---------+---------+-------+---------+---------+-------
